 Dungeon Crawl Stone Soup version 0.20-a0-1122-gb7cbeb9 (webtiles) character file.

1026 Kurtz the Ruffian (level 8, 0/58 HPs)
             Began as a Mummy Abyssal Knight on May 13, 2017.
             Was a Believer of Lugonu.
             Slain by an orc warrior
             ... wielding a +0 glaive
              (10 damage)
             ... in the Ecumenical Temple.
             The game lasted 00:08:56 (7729 turns).

Kurtz the Ruffian (Mummy Abyssal Knight)            Turns: 7729, Time: 00:08:56

Health: 0/58       AC:  8    Str: 16    XL:     8   Next: 2%
Magic:  10/10      EV: 10    Int: 11    God:    Lugonu [**....]
Gold:   108        SH:  3    Dex: 13    Spells: 7/7 levels left

rFire    x . .     SeeInvis .     - Unarmed
rCold    + . .     Gourm    .   f - +0 buckler
rNeg     + + +     Faith    .   b - +0 ring mail
rPois    ∞         Spirit   .   (no helmet)
rElec    .         Reflect  .   (no cloak)
rCorr    .         Harm     .   (no gloves)
MR       +....                  l - +2 pair of boots
Stlth    +.........             (no amulet)
Regen    0.2/turn               (no ring)
MPRegen  0.2/turn               (no ring)

@: about to teleport
A: no food or potions, fire vulnerability, cold resistance 1, negative energy
resistance 3, torment resistance, unbreathing
a: Depart the Abyss, Bend Space, Renounce Religion


You were in the Ecumenical Temple.
You worshipped Lugonu.
Lugonu was pleased with you.
You were not hungry.

You visited 2 branches of the dungeon, and saw 6 of its levels.
You visited the Abyss 1 time.

You collected 234 gold pieces.
You spent 126 gold pieces at shops.

Inventory:

Missiles
 e - 77 stones (quivered)
Armour
 a - a +0 leather armour
 b - a +0 ring mail (worn)
 f - a +0 buckler (worn)
 l - a +2 pair of boots (worn)
Jewellery
 g - an uncursed ring of ice
Scrolls
 c - 3 scrolls of amnesia
 d - 6 scrolls of teleportation
 h - a scroll of random uselessness
 i - a scroll of magic mapping {unknown}
 j - 2 scrolls of fog
 k - a scroll of blinking
 m - a scroll of noise {unknown}
 n - a scroll of recharging {unknown}


   Skills:
 - Level 3.0 Fighting
 - Level 1.5 Armour
 - Level 0.7 Dodging
 * Level 0.4 Shields
 * Level 7.3 Unarmed Combat
 * Level 3.4 Invocations


You had 7 spell levels left.
You didn't know any spells.

Dungeon Overview and Level Annotations

Branches:
Dungeon (5/15)             Temple (1/1) D:4

Altars:
Ashenzari
Gozag
Hepliaklqana
Makhleb
Nemelex Xobeh
Okawaru
Sif Muna
Trog
The Shining One

Shops:
D:4 [?!

Annotations:
Abyss:1 Edmund


Innate Abilities, Weirdness & Mutations

You do not eat or drink.
Your flesh is vulnerable to fire.
You are immune to poison.
Your flesh is cold resistant. (rC+)
You are immune to negative energy. (rN+++)
You are immune to unholy pain and torment.
You can survive without breathing.


Message History

There is a staircase back to the Dungeon here.
The orc warrior hits you from afar with a glaive!
Found a hazy altar of Hepliaklqana.
Found a shattered altar of Ashenzari.
Found a burning altar of Makhleb.
There is a shattered altar of Ashenzari here.
The orc warrior closely misses you.
The orc warrior hits you from afar with a glaive!
Found a deep blue altar of Sif Muna.
There is a burning altar of Makhleb here.
The orc warrior hits you from afar with a glaive!
The orc warrior barely misses you.
Found a glowing golden altar of the Shining One.
Found a bloodstained altar of Trog.
As you read the scroll of teleportation, it crumbles to dust.
You feel strangely unstable.
The orc warrior hits you from afar with a glaive!
* * * LOW HITPOINT WARNING * * *
The orc warrior hits you from afar with a glaive!
You die...

### ## ##.##
##...###...##
+.._...@._..#
##...###...##
## ##o## #.#
### ##.##
##.##
##...###...##
#.._....._..#
##...###...##
##.## ##.##


You could see an orc warrior.

Vanquished Creatures
  Grinder (D:3)
  Menkaure (D:4)
  An ice beast (D:5)
  An ogre (D:5)
  A big kobold (D:4)
  2 hounds
  2 worker ants (D:4)
  2 gnolls (D:4)
  4 adders
  2 oozes
  An adder zombie (D:4)
  2 worms (D:2)
  3 dart slugs
  4 leopard geckos
  4 orcs
  10 bats
  8 giant cockroaches
  11 goblins
  12 hobgoblins
  6 jackals
  4 quokkas
  7 frilled lizards
  13 kobolds
  10 rats
112 creatures vanquished.

Vanquished Creatures (others)
  The ghost of Apostate the Slasher, an amateur DsMo (D:3)
  A centaur (D:4)
2 creatures vanquished.

Grand Total: 114 creatures vanquished

Notes
Turn   | Place    | Note
-------+----------+-------------------------------------------
     0 | Abyss:1  | Kurtz the Mummy Abyssal Knight began the quest for the Orb.
     0 | Abyss:1  | Reached XP level 1. HP: 18/18 MP: 2/2
    11 | D:1      | Escaped the Abyss
   320 | D:1      | Reached skill level 2 in Unarmed Combat
   365 | D:1      | Reached XP level 2. HP: 17/24 MP: 3/3
   892 | D:1      | Reached ** piety under Lugonu
   902 | D:1      | Reached XP level 3. HP: 23/29 MP: 4/4
   964 | D:1      | Reached skill level 3 in Unarmed Combat
  1731 | D:2      | Found a sparkling altar of Nemelex Xobeh.
  1915 | D:2      | Reached XP level 4. HP: 35/35 MP: 5/5
  2474 | D:3      | Noticed Apostate's ghost (amateur DsMo)
  2784 | D:4      | Reached *** piety under Lugonu
  2784 | D:4      | Reached skill level 4 in Unarmed Combat
  2976 | D:4      | Noticed a centaur
  2989 | D:4      | Banished a centaur
  2989 | D:4      | Reached XP level 5. HP: 17/41 MP: 6/6
  3228 | D:4      | Found Pumua's Magic Scroll Boutique.
  3236 | D:4      | Bought a scroll of teleportation for 36 gold pieces
  3236 | D:4      | Bought a scroll of blinking for 90 gold pieces
  3504 | D:4      | Found a staircase to the Ecumenical Temple.
  3776 | D:4      | Noticed Edmund
  3796 | D:4      | Banished Edmund
  3796 | D:4      | Reached skill level 5 in Unarmed Combat
  3796 | D:4      | Reached XP level 6. HP: 46/47 MP: 7/7
  3858 | D:4      | Found Utza's Distillery.
  3858 | D:4      | Noticed Menkaure
  3873 | D:4      | Killed Menkaure
  4604 | D:3      | Noticed Grinder
  4612 | D:3      | Paralysed by Grinder for 7 turns
  4928 | D:3      | Banished Apostate's ghost
  4928 | D:3      | Reached skill level 6 in Unarmed Combat
  4976 | D:3      | Reached XP level 7. HP: 52/52 MP: 8/8
  5120 | D:3      | Paralysed by Grinder for 3 turns
  5124 | D:3      | Paralysed by Grinder for 7 turns
  5171 | D:3      | Killed Grinder
  5688 | D:5      | Entered Level 5 of the Dungeon
  5771 | D:5      | HP: 1/52 [orc warrior/glaive (12)]
  6016 | D:4      | Reached skill level 7 in Unarmed Combat
  6208 | D:4      | Found Kiphil's Antique Armour Boutique.
  7328 | D:5      | Reached XP level 8. HP: 32/58 MP: 10/10
  7690 | Temple   | Entered the Ecumenical Temple
  7729 | Temple   | Slain by an orc warrior

Vault maps used:
D:1:      ncdulo_smallfort, minmay_bisected
D:2:      cheibrodos_helix_gallery, nemelex_xobeh_ov_fountains_minmay
D:3:      grunt_ministairs_14, uniq_grinder
D:4:      temple_statues, serial_shops, shop, shop_fountains, shop,
          uniq_menkaure, uniq_edmund
D:5:      first_bread, lemuel_statue_altar
Temple:   minmay_crystal_snake_temple
Abyss:1:  evilmike_abyss_exit_17

Skill      XL: |  1  2  3  4  5  6  7 |
---------------+----------------------+-----
Unarmed Combat | 2 3 4 5 6 7 |  7.3
Invocations    | 2 3 |  3.4
Fighting       | |  3.0
Armour         | |  1.5
Dodging        | |  0.7
Shields        | |  0.4

Action                   |  1- 3 |  4- 6 |  7- 9 || total
-------------------------+-------+-------+-------++-------
Melee: Unarmed           |   195 |   258 |   121 ||   574
       Punch             |     2 |     4 |       ||     6
Invok: Banish            |       |     3 |     1 ||     4
  Use: Scroll            |       |       |     6 ||     6
Armor: Ring mail         |   112 |    71 |    27 ||   210
       Leather armour    |     2 |       |       ||     2
Dodge: Dodged            |   136 |   140 |    49 ||   325
Block: Buckler           |       |       |     5 ||     5
